 Dungeon Sprint DCSS version 0.21.2 (webtiles) character file.

10700000 Fang the Intangible (level 27, -83/323 HPs)
             Began as a Troll Warper on Oct 2, 2018.
             Was the Champion of Makhleb.
             Annihilated by a destroyer
             ... wielding a +9 great sword of slicing
              (88 damage)
             ... in the Dungeon (Sprint VIII: "Arena of Blood").
             The game lasted 00:01:45 (107 turns).

Fang the Intangible (Troll Warper)                   Turns: 107, Time: 00:01:45

Health: -83/323    AC:  7    Str: 36    XL:     27
Magic:  26/53      EV: 22    Int:  9    God:    Makhleb [******]
Gold:   0          SH:  0    Dex:  9    Spells: 80/80 levels left

rFire    . . .     SeeInvis .   l - +∞ Axe of Woe
rCold    . . .     Gourm    +   (shield currently unavailable)
rNeg     . . .     Faith    .   b - +0 robe
rPois    .         Spirit   .   (helmet restricted)
rElec    .         Reflect  .   (no cloak)
rCorr    .         Harm     .   (gloves unavailable)
MR       ++...     NoTele   +   (boots unavailable)
Stlth    +++++++++.             (no amulet)
HPRegen  1.03/turn              (no ring)
MPRegen  0.33/turn              (no ring)

@: no status effects
A: large, unfitting armour, claws 3, fast metabolism 3, gourmand, regeneration
1, shaggy fur 1, tough skin 2
a: Minor Destruction, Lesser Servant of Makhleb, Major Destruction, Greater
Servant of Makhleb, Renounce Religion


You were in the Dungeon.
You worshipped Makhleb.
Makhleb was exalted by your worship.
You were not hungry.

You visited 1 branch

Inventory:

Hand Weapons
 l - the +∞ Axe of Woe (weapon)
   (You found it in the Dungeon)
Missiles
 e - 5 tomahawks of dispersal (quivered)
Armour
 b - a +0 robe (worn)
Scrolls
 d - 2 scrolls of blinking
Potions
 g - a potion of curing
 h - a potion of heal wounds
 i - a potion of haste
 j - 2 potions of magic
 k - a potion of berserk rage
Books
 c - a book of Spatial Translocations

   Spells                             Type                      Level
   a - Blink                          Translocation                2
   b - Shroud of Golubria             Charms/Translocation         2
   c - Lesser Beckoning               Translocation                3
   d - Gell's Gravitas                Translocation                3
   e - Teleport Other                 Translocation                3
   f - Passage of Golubria            Translocation                4
Comestibles
 f - 2 rations


   Skills:
 O Level 27 Fighting
 O Level 27 Axes
 O Level 27 Throwing
 O Level 27 Armour
 O Level 27 Dodging
 O Level 27 Stealth
 O Level 27 Unarmed Combat
 O Level 27 Spellcasting
   Level 2.1 Translocations
 O Level 27 Invocations


You had 80 spell levels left.
You didn't know any spells.

Dungeon Overview and Level Annotations

Branches:
Dungeon (1/1)

Altars:
Makhleb


Innate Abilities, Weirdness & Mutations

You are too large for most types of armour.
You have claws for hands.
Your metabolism is lightning-fast.
You like to eat raw meat.
Your natural rate of healing is unusually fast.
You are covered in fur. (AC +1)
You have very tough skin. (AC +2)


Message History

Your body is wracked with pain!
* * * LOW HITPOINT WARNING * * *
The scourge convulses!
The bag of meat convulses! x2
You hear a shout!
You see here a meat hydra corpse.
The tyrant gestures wildly while chanting.
You hear a shout! x3
The dread calls on the powers of darkness!
The bag of meat convulses!
Your body is wracked with pain!
* * * LOW HITPOINT WARNING * * *
The bag of meat convulses!
You hear a shout! x2
The dread calls on the powers of darkness!
The bag of meat convulses!
The scourge convulses!
Your body is wracked with pain!
* * * LOW HITPOINT WARNING * * *
The bag of meat convulses!
You hear a shout!
The destroyer hits you with a +9 great sword of slicing!!!!
You die...

.....##. .#
....... ..
####.....##.##.
............W....
#..........#.#...
#..........o.....
#.....{.........
..#XS.L@.........
....XW)†V.o......
......X))........
......#)).†...#
#...{.#))))...#
%...###))))...###.
....%.§))###......
.#..X.))))_......
....X.)#))...#...


You could see 2 tentacled monstrosities, a tyrant, a destroyer, a scourge, a
large abomination, 2 dreads and 2 bags of meat.

Vanquished Creatures
  5 hell beasts (D)
  Edmund (D)
  A greater mummy (D)
  A great orb of eyes (D)
  A wraith (D)
  12 vampire knights (D)
  36 ogres (D)
  4 two-headed ogres (D)
  3 liches (D)
  4 hydras (D)
  68 orcs (D)
  A phantom (D)
  6 skeletal warriors (D)
  6 large abominations (D)
  6 small abominations (D)
  14 crawling corpses (D)
169 creatures vanquished.

Vanquished Creatures (others)
  A crawling corpse (D)
1 creature vanquished.

Grand Total: 170 creatures vanquished

Notes
Turn   | Place    | Note
-------+----------+-------------------------------------------
     0 | D        | Found the +∞ Axe of Woe
     0 | D        | Fang the Troll Warper began the quest for the Orb.
     0 | D        | Reached XP level 1. HP: 19/19 MP: 1/1
     3 | D        | Noticed a bag of meat
     3 | D        | Noticed a bag of meat
     5 | D        | Noticed a bag of meat
     6 | D        | Noticed a bag of meat
     6 | D        | Became a worshipper of Makhleb the Destroyer
     7 | D        | Noticed a bag of meat
     8 | D        | Killed a bag of meat
     8 | D        | Reached skill level 10 in Fighting
     8 | D        | Reached skill level 10 in Spellcasting
     8 | D        | Reached XP level 2. HP: 46/46 MP: 1/12
     8 | D        | Reached XP level 3. HP: 54/54 MP: 1/13
     8 | D        | Reached XP level 4. HP: 63/63 MP: 1/15
     8 | D        | Reached XP level 5. HP: 70/70 MP: 1/16
     8 | D        | Reached XP level 6. HP: 79/79 MP: 1/18
     8 | D        | Reached XP level 7. HP: 87/87 MP: 1/19
     8 | D        | Reached XP level 8. HP: 96/96 MP: 1/21
     8 | D        | Reached XP level 9. HP: 102/102 MP: 1/22
     8 | D        | Reached XP level 10. HP: 111/111 MP: 1/23
     8 | D        | Reached XP level 11. HP: 119/119 MP: 1/24
    10 | D        | Noticed a bag of meat
    10 | D        | Killed a bag of meat
    10 | D        | Reached * piety under Makhleb
    10 | D        | Reached skill level 5 in Throwing
    10 | D        | Reached XP level 12. HP: 79/133 MP: 1/26
    10 | D        | Killed a bag of meat
    10 | D        | Reached XP level 13. HP: 86/145 MP: 1/28
    10 | D        | Killed a bag of meat
    10 | D        | Reached skill level 15 in Axes
    10 | D        | Reached XP level 14. HP: 144/157 MP: 1/30
    11 | D        | Killed a bag of meat
    11 | D        | Reached ** piety under Makhleb
    11 | D        | Reached skill level 15 in Fighting
    12 | D        | Noticed a meat berserker
    12 | D        | Killed a bag of meat
    12 | D        | Reached XP level 15. HP: 171/171 MP: 2/32
    14 | D        | Noticed a meat berserker
    15 | D        | Noticed a meat berserker
    15 | D        | Killed a meat berserker
    15 | D        | Reached skill level 15 in Spellcasting
    16 | D        | Reached *** piety under Makhleb
    16 | D        | Reached XP level 16. HP: 188/188 MP: 3/35
    18 | D        | Killed a meat berserker
    18 | D        | Reached **** piety under Makhleb
    18 | D        | Reached XP level 17. HP: 204/204 MP: 3/38
    19 | D        | Noticed a destroyer
    20 | D        | Killed a meat berserker
    20 | D        | Reached XP level 18. HP: 193/219 MP: 4/40
    20 | D        | Reached ***** piety under Makhleb
    21 | D        | Noticed a meat berserker
    21 | D        | Noticed a meat berserker
    21 | D        | Noticed a large bag of meat
    21 | D        | Noticed a destroyer
    22 | D        | Reached skill level 27 in Dodging
    23 | D        | Reached skill level 10 in Throwing
    23 | D        | Reached XP level 19. HP: 234/234 MP: 4/42
    23 | D        | Reached skill level 27 in Axes
    25 | D        | Killed a large bag of meat
    25 | D        | Killed a meat berserker
    25 | D        | Reached skill level 27 in Fighting
    25 | D        | Reached XP level 20. HP: 256/256 MP: 5/48
    26 | D        | Noticed a meat berserker
    26 | D        | Noticed a large bag of meat
    27 | D        | Killed a destroyer
    27 | D        | Reached ****** piety under Makhleb
    27 | D        | Reached skill level 27 in Spellcasting
    27 | D        | Killed a meat berserker
    27 | D        | Reached skill level 27 in Throwing
    27 | D        | Reached XP level 21. HP: 265/265 MP: 5/51
    27 | D        | Reached skill level 5 in Stealth
    29 | D        | Noticed a destroyer
    29 | D        | Killed a destroyer
    29 | D        | Reached skill level 10 in Stealth
    29 | D        | Reached skill level 15 in Unarmed Combat
    29 | D        | Reached XP level 22. HP: 236/275 MP: 6/52
    30 | D        | Noticed a large bag of meat
    30 | D        | Reached skill level 15 in Armour
    31 | D        | Killed a large bag of meat
    32 | D        | Reached skill level 15 in Stealth
    32 | D        | Reached XP level 23. HP: 284/284 MP: 7/53
    35 | D        | Noticed a destroyer
    37 | D        | Noticed a large bag of meat
    37 | D        | Noticed a destroyer
    38 | D        | Reached skill level 27 in Unarmed Combat
    40 | D        | Noticed a destroyer
    41 | D        | Reached XP level 24. HP: 295/295 MP: 9/53
    43 | D        | Killed a destroyer
    43 | D        | Reached skill level 27 in Armour
    43 | D        | Reached skill level 27 in Invocations
    43 | D        | Killed a large bag of meat
    43 | D        | Killed a large bag of meat
    43 | D        | Reached skill level 27 in Stealth
    44 | D        | Noticed a destroyer
    44 | D        | Killed a destroyer
    44 | D        | Reached XP level 25. HP: 264/304 MP: 10/53
    45 | D        | Noticed a destroyer
    45 | D        | Killed a destroyer
    48 | D        | Reached XP level 26. HP: 314/314 MP: 11/53
    49 | D        | Killed a destroyer
    49 | D        | Killed a destroyer
    50 | D        | Reached XP level 27. HP: 323/323 MP: 11/53
    51 | D        | Killed a destroyer
    54 | D        | Noticed a tyrant
    56 | D        | Noticed a destroyer
    57 | D        | Noticed a destroyer
    58 | D        | Noticed a tyrant
    64 | D        | Killed a destroyer
    65 | D        | Killed a destroyer
    65 | D        | Killed a tyrant
    68 | D        | Killed a tyrant
    71 | D        | Noticed a meat beast
    73 | D        | Noticed a meat beast
    73 | D        | Noticed a destroyer
    73 | D        | Killed a meat beast
    78 | D        | Noticed a meat beast
    80 | D        | Killed a meat beast
    81 | D        | Noticed a meat beast
    81 | D        | Killed a destroyer
    83 | D        | Noticed a tyrant
    83 | D        | Killed a meat beast
    85 | D        | Noticed a destroyer
    90 | D        | Noticed a dread
    91 | D        | Killed a meat beast
    91 | D        | Killed a destroyer
    92 | D        | Noticed a destroyer
    92 | D        | Noticed an accursed
    94 | D        | Noticed a meat beast
    96 | D        | Noticed a large bag of meat
    98 | D        | Killed a meat beast
    99 | D        | Killed an accursed
   100 | D        | Noticed The Defiler
   101 | D        | Noticed a tyrant
   101 | D        | Killed a dread
   101 | D        | Killed The Defiler
   103 | D        | Noticed a dread
   103 | D        | Killed a tyrant
   106 | D        | Noticed a dread
   106 | D        | HP: 10/323 [??? (7)]
   107 | D        | Annihilated by a destroyer

Skill      XL: |  1  2  3  4  5  6  7  8  9 10 11 12 13 14 15 16 17 18 19 20 21 22 23 24 |
---------------+-------------------------------------------------------------------------+-----
Fighting       | 10 12 13 14 16 18 20 22 23 27 | 27.0
Axes           | 11 13 14 15 17 19 22 24 26 27 | 27.0
Throwing       | 4 5 6 7 8 9 10 12 27 | 27.0
Dodging        | 14 16 17 18 20 22 24 26 27 | 27.0
Spellcasting   | 10 11 12 13 14 16 18 19 20 25 27 | 27.0
Armour         | 14 20 24 27 | 27.0
Stealth        | 11 16 20 27 | 27.0
Unarmed Combat | 17 23 27 | 27.0
Invocations    | 16 21 26 27 | 27.0
Translocations | |  2.1

Action                   |  1- 3 |  4- 6 |  7- 9 | 10-12 | 13-15 | 16-18 | 19-21 | 22-24 | 25-27 || total
-------------------------+-------+-------+-------+-------+-------+-------+-------+-------+-------++-------
Melee: Executioner's axe |     1 |       |       |     1 |     4 |     6 |     3 |    10 |    50 ||    75
Armor: Robe              |       |       |       |       |       |       |       |       |     8 ||     8
Dodge: Dodged            |       |       |       |       |       |       |     1 |     1 |    12 ||    14
